 Dungeon Sprint DCSS version bcrawl-1.21.3-2-g9d8a61a446 (webtiles) character file.

Game seed: 7713641760897977035

54 funkygono the Destroyer (level 6, -13/37 HPs)
             Began as a Fairy Conjurer on Apr 12, 2020.
             Was a Priest of Vehumet.
             Mangled by a crocodile (16 damage)
             ... in the Dungeon (Sprint VI: "Thunderdome").
             The game lasted 00:04:38 (375 turns).

funkygono the Destroyer (Fairy Conjurer)             Turns: 375, Time: 00:04:39

Health: -13/37     AC:  5    Str:  6    XL:     6   Next: 36%
Magic:  10/18      EV: 18    Int: 21    God:    Vehumet [***...]
Gold:   280        SH:  5    Dex: 12    Spells: 8/19 levels left

rFire    . . .     SeeInvis .   m - +0 dagger
rCold    . . .     Gourm    .   (shield restricted)
rNeg     . . .     Faith    .   (armour unavailable)
rPois    .         Spirit   .   (no helmet)
rElec    .         Reflect  .   (no cloak)
rCorr    .         Harm     .   (no gloves)
MR       .....     NoTele   +   (no boots)
Stlth    +.........             (no amulet)
HPRegen  0.12/turn              (no ring)
MPRegen  0.16/turn              (no ring)

@: flying evasively
A: small, magic attunement, unstealthy, unfitting armour, able to fly, AC/SH +5
a: Stop Flying, Renounce Religion


You were in the Dungeon.
You worshipped Vehumet.
Vehumet was most pleased with you.
You were not hungry.

You visited 1 branch You collected 280 gold pieces.

Inventory:

Hand Weapons
 m - a +0 dagger (weapon)
Wands
 i - a wand of acid (5)
 j - a wand of iceblast (5)
Scrolls
 h - 4 scrolls of blinking
 k - 3 scrolls of fog
Potions
 a - a potion of resistance
 b - 3 potions of magic
 c - 4 potions of heal wounds
 d - a potion of curing
 f - 4 potions of haste
 g - a potion of berserk rage
Comestibles
 e - a ration {!d}
 l - 17 chunks of flesh


   Skills:
 + Level 0.4 Fighting
 + Level 5.3 Dodging
 + Level 3.1 Stealth
 + Level 7.0 Spellcasting
 + Level 13.0 Conjurations


You had 8 spell levels left.
You knew the following spells:

 Your Spells              Type           Power        Failure   Level  Hunger
a - Magic Dart            Conj           ####         1%          1    None
b - Searing Ray           Conj           ######..     1%          2    None
c - Iskenderun's Mystic   Conj           ######..     1%          3    None
d - Conjure Flame         Conj/Fire      ####....     1%          3    None
e - Throw Frost           Conj/Ice       ####..       1%          2    None

Your spell library contained the following spells:

 Spells                   Type           Power        Failure   Level  Hunger
 Fulminant Prism          Conj/Hex       ####......   1%          4    None
 Irradiate                Conj/Tmut      ####......   4%          5    None


Dungeon Overview and Level Annotations

Branches:
Dungeon (1/1)

Altars:
Cheibriados
Dithmenos
Fedhas
Gozag
Kikubaaqudgha
Lugonu
Makhleb
Okawaru
Qazlal
Ru
Sif Muna
Trog
Uskayaw
Vehumet
Wu Jian
Xom
Yredelemnul
Zin
The Shining One
Beogh
Jiyva

Shops:
D *[%??*?*:[((!!!!


Innate Abilities, Weirdness & Mutations

Your spells do not cause hunger and MP costs are reduced by 1.
Your bright wings attract enemies. (Stealth-)
You cannot fit into any form of body armour.
Your shimmering scales are hard and can block incoming attacks. (AC +5, SH +5)
You are small and have problems with some larger weapons.
You can fly continuously.


Message History

Casting: Magic Dart (safe; 1% risk of failure)
Confirm with . or Enter, or press ? or * to list all spells.
Aiming: Magic Dart (safe; 1% risk of failure)
Press: ? - help, Shift-Dir - straight line, f - crocodile
Aim: a crocodile The magic dart hits the crocodile.
The crocodile is lightly wounded.
Casting: Magic Dart (safe; 1% risk of failure)
Confirm with . or Enter, or press ? or * to list all spells.
Aiming: Searing Ray (safe; 1% risk of failure)
Press: ? - help, Shift-Dir - straight line, f/p - crocodile
Aim: a crocodile (lightly wounded)
The searing ray hits the crocodile.
The crocodile is moderately wounded. (Press . to maintain the ray.)
The crocodile bites you!!
Ouch! That really hurt!
* * * LOW HITPOINT WARNING * * *
The searing ray misses the crocodile.
The crocodile bites you!
You die...

###.........### #⌠...).......⌠#
######.8.........8.######
##∩___......###......_..∩##
###∩........8.# #.8........∩###
##.............###......)......#
#⌠.)........###...###..........⌠
#⌠.......)..# #.<.# #..........⌠
#⌠........).###@..###..........⌠
##............t###.............#
###∩........8.# #.8........∩###
##∩___.....r###......___∩##
######.8.........8.######
#§...Y.÷.....§# ###....÷....###
#_......._# #_..Y...._#


You could see a yak, a crocodile and a river rat.

Vanquished Creatures
  2 crocodiles (D)
  A big kobold (D)
  An adder (D)
  A ball python (D)
  2 goblins (D)
  4 hobgoblins (D)
  A bat (D)
  A quokka skeleton (D)
13 creatures vanquished.

Notes
Turn   | Place    | Note
-------+----------+-------------------------------------------
     0 | D        | funkygono the Fairy Conjurer began the quest for the Orb.
     0 | D        | Reached XP level 1. HP: 11/11 MP: 6/6
     1 | D        | Found a burning altar of Makhleb.
     1 | D        | Found an iron altar of Okawaru.
     2 | D        | Found a blossoming altar of Fedhas.
     3 | D        | Found an ancient bone altar of Kikubaaqudgha.
     4 | D        | Found Ottu Osu's Distillery.
     4 | D        | Found a roughly hewn altar of Beogh.
     4 | D        | Found a shadowy altar of Dithmenos.
     4 | D        | Found Edieb's Do-It-Yourself Clinic.
     5 | D        | Found Etud's Distillery.
     5 | D        | Found Ymo Myc's Bottled Wisdom.
     5 | D        | Round 1.
    22 | D        | Found a sacrificial altar of Ru.
    25 | D        | Found an ornate altar of the Wu Jian Council.
    26 | D        | Found a corrupted altar of Lugonu.
    27 | D        | Found Vynyts's Weapon Rack.
    28 | D        | Found Lacygh's Basic Armour.
    28 | D        | Found Fulixzia's Miscellaneous Merchandise.
    30 | D        | Reached skill level 6 in Conjurations
    30 | D        | Reached XP level 2. HP: 17/17 MP: 8/8
    35 | D        | Learned a level 2 spell: Searing Ray
    35 | D        | Found a radiant altar of Vehumet.
    35 | D        | Found a shimmering altar of Xom.
    35 | D        | Found a glowing silver altar of Zin.
    35 | D        | Found Todgheshro's Premium Goods.
    39 | D        | Found a snail-covered altar of Cheibriados.
    49 | D        | Became a worshipper of Vehumet
    71 | D        | Found a viscous altar of Jiyva.
    72 | D        | Found a stormy altar of Qazlal.
    73 | D        | Found Lumepy's Identification Station.
    73 | D        | Found a glowing golden altar of the Shining One.
    73 | D        | Found an opulent altar of Gozag.
    73 | D        | Found a shimmering blue altar of Sif Muna.
    73 | D        | Found Ywevunydgh's Delicious Food.
    74 | D        | Found Unah's Advanced Armour.
    74 | D        | Found Asteylozeo's Jewellery.
    78 | D        | Reached * piety under Vehumet
    78 | D        | Offered knowledge of Freeze by Vehumet.
    78 | D        | Arena points: 12 (+12) [x2]
   107 | D        | Found a hide-covered altar of Uskayaw.
   109 | D        | Round 2.
   111 | D        | Found a basalt altar of Yredelemnul.
   111 | D        | Found Ymyosaunno's Magic Scroll Shop.
   111 | D        | Found Vupton's Magic Scroll Shop.
   112 | D        | Found Tiurph's Must-Have Magic.
   114 | D        | Reached skill level 7 in Conjurations
   115 | D        | Found a bloodstained altar of Trog.
   115 | D        | Found Forolim's Staff Store.
   187 | D        | Reached ** piety under Vehumet
   228 | D        | Offered knowledge of Throw Frost by Vehumet.
   232 | D        | Learned a level 2 spell: Throw Frost
   238 | D        | Noticed a big kobold
   244 | D        | Killed a big kobold
   244 | D        | Offered knowledge of Conjure Flame by Vehumet.
   244 | D        | Arena points: 54 (+42) [x3]
   244 | D        | Reached skill level 9 in Conjurations
   244 | D        | Reached XP level 3. HP: 18/21 MP: 9/11
   244 | D        | Reached XP level 4. HP: 23/27 MP: 9/12
   250 | D        | Learned a level 3 spell: Conjure Flame
   254 | D        | Learned a level 3 spell: Iskenderun's Mystic Blast
   294 | D        | Round 3.
   306 | D        | Noticed a crocodile
   313 | D        | Killed a crocodile
   313 | D        | Reached *** piety under Vehumet
   313 | D        | Reached skill level 11 in Conjurations
   313 | D        | Reached XP level 5. HP: 12/31 MP: 7/15
   343 | D        | Noticed a crocodile
   351 | D        | Killed a crocodile
   351 | D        | Reached skill level 5 in Dodging
   351 | D        | Reached skill level 13 in Conjurations
   351 | D        | Reached XP level 6. HP: 19/37 MP: 10/18
   367 | D        | Noticed a crocodile
   367 | D        | Noticed a yak
   375 | D        | Mangled by a crocodile

Skill      XL: |  1  2  3  4  5 |
---------------+----------------+-----
Dodging        | 3 4 5 |  5.3
Spellcasting   | 3 4 6 7 |  7.0
Conjurations   | 6 9 11 13 | 13.0
Stealth        | 2 3 |  3.1
Fighting       | |  0.4

Action                   |  1- 3 |  4- 6 || total
-------------------------+-------+-------++-------
 Cast: Magic Dart        |    25 |     4 ||    29
       Throw Frost       |     1 |     2 ||     3
       Searing Ray       |       |     4 ||     4
       Iskenderun's Myst |       |     1 ||     1
Armor: Skin              |       |     1 ||     1
Dodge: Dodged            |       |     2 ||     2
